 Dungeon Crawl Stone Soup version 0.19-a0-1626-g5215c36 (webtiles) character file.

135 Fuzzwah the Cleaver (level 4, -4/40 HPs)
             Began as a Minotaur Berserker on Sept 18, 2016.
             Was a Believer of Trog.
             Killed by nerve-wracking pain
             ... invoked by Grinder
              (14 damage)
             ... on level 3 of the Dungeon.
             The game lasted 00:08:29 (1903 turns).

Fuzzwah the Cleaver (Minotaur Berserker)            Turns: 1903, Time: 00:08:30

Health: -4/40      AC: 14    Str: 21    XL:     4   Next: 97%
Magic:  3/3        EV: 14    Int:  4    God:    Trog [**....]
Gold:   154        SH:  0    Dex: 11    Spells: 0 memorised, 3 levels left

rFire  . . .     SeeInvis .     l - +0 dire flail (protect)
rCold  . . .     Gourm    .     m - +0 ring mail
rNeg   . . .     Faith    .     (shield currently unavailable)
rPois  .         Spirit   .     (helmet restricted)
rElec  .         Dismiss  +     h - +0 cloak
rCorr  .         Reflect  .     (no gloves)
MR     .....     Harm     .     p - +0 pair of boots
Stlth  +.........               s - amulet of dismissal
                                (no ring)
                                o - +2 ring of evasion

@: no status effects
A: retaliatory headbutt, horns 2
a: Berserk, Trog's Hand, Burn Spellbooks, Renounce Religion


You were on level 3 of the Dungeon.
You worshipped Trog.
Trog was pleased with you.
You were very hungry.

You visited 1 branch of the dungeon, and saw 3 of its levels.

You collected 154 gold pieces.


Innate Abilities, Weirdness & Mutations

You reflexively headbutt those who attack you in melee.
You have a pair of horns on your head.


   Skills:
 + Level 4.2 Fighting
 * Level 11.0 Axes
 + Level 7.7 Armour
 + Level 3.0 Dodging


You had 3 spell levels left.
You didn't know any spells.

Dungeon Overview and Level Annotations

Branches:
Dungeon (3/15)

Altars:

Annotations:
D:3 Grinder

Inventory:

Hand Weapons
 a - a +0 hand axe
 l - a +0 dire flail of protection (weapon)
   (You found it on level 2 of the Dungeon)
Armour
 h - a +0 cloak (worn)
   (You found it on level 1 of the Dungeon)
 m - a +0 ring mail (worn)
   (You found it on level 2 of the Dungeon)
 p - a +0 pair of boots (worn)
   (You found it on level 2 of the Dungeon)
Jewellery
 o - a +2 ring of evasion (left hand)
   (You found it on level 2 of the Dungeon)
 s - an amulet of dismissal (around neck)
   (You found it on level 3 of the Dungeon)
Potions
 i - 2 potions of curing {!q}
 j - a potion of might {!q, unknown}
 r - a potion of mutation {!q, unknown}
Comestibles
 c - 2 bread rations
 k - a meat ration
 q - 3 fruits

#.......### #.# #....#
######.......'.# #.# ###....#
#............#)# #.# #......#
#.....######.#.####.# #......#
#.<.).+......#......# #....#.#
#.....#########################.#
#...............................#
#.###############################
#.# #...H5...... #.# #.##########
#.# #.# #.### #.# ....# #.#
....#########.# ..............#
#'############# ..#


You could see Grinder.


Message History

s - an amulet of dismissal (around neck) Really read
d - a scroll of identify {!r}?
As you read the scroll of identify {!r}, it crumbles to dust.
e - a potion of experience {!q} Really quaff
e - a potion of experience {!q}?
You feel more experienced!
Your Axes skill gained 7 levels and is now at level 11!
Your Armour skill gained 4 levels and is now at level 7!
You have reached level 4!
You feel agile.
The world stops spinning.
Found 2 potions of degeneration.
You see here 2 potions of degeneration {!q!q}.
As you open the door, it creaks loudly!
Found 8 gold pieces.
There is an open door here.
You now have 154 gold pieces (gained 8).
You are feeling very hungry.
Grinder comes into view.
Grinder shouts!
Grinder is nearby!
Grinder hits you but does no damage.
You barely miss Grinder. Grinder hits you but does no damage.
You hit Grinder.
Grinder is lightly wounded.
Grinder hits you but does no damage.
You closely miss Grinder.
Grinder is lightly wounded.
Grinder misses you.
You closely miss Grinder. Your headbutt misses Grinder.
Grinder is lightly wounded.
Grinder closely misses you.
You completely miss Grinder.
Grinder is lightly wounded.
Grinder hits you.
You writhe in agony.
Damage: -17%(-7hp) hp: 83%(33hp)
You completely miss Grinder.
Grinder is lightly wounded.
Grinder gestures at you.
You suddenly lose the ability to move!
Grinder gestures at you. You resist with significant effort. Grinder hits you.
You writhe in agony.
Grinder hits you but does no damage. Grinder hits you but does no damage.
Grinder barely misses you. Grinder hits you.
* * * LOW HITPOINT WARNING * * *
You writhe in agony.
* * * LOW HITPOINT WARNING * * *
You can move again.
Huge Dmg: -48%(-19hp) hp: 35%(14hp) You're too hungry to go berserk.
Your ring mail prevents you from hitting Grinder.
You headbutt Grinder!
Grinder is moderately wounded.
Grinder hits you.
* * * LOW HITPOINT WARNING * * *
Huge Dmg: -12%(-5hp) hp: 23%(9hp) Really quaff
i - 3 potions of curing {!q}?
You feel better. Grinder hits you.
* * * LOW HITPOINT WARNING * * *
You writhe in agony.
* * * LOW HITPOINT WARNING * * *
You start eating the meat ration.
Grinder hits you.
Keep eating?
* * * LOW HITPOINT WARNING * * *
Grinder gestures at you. Pain shoots through your body!
You die...

Action                   |  1- 3 |  4- 6 || total
-------------------------+-------+-------++-------
Melee: Hand axe          |    50 |       ||    50
       Headbutt          |    12 |     1 ||    13
       Dire flail        |    33 |     7 ||    40
  Use: Scroll            |     6 |       ||     6
       Potion            |     1 |     1 ||     2
  Eat: Chunk             |     2 |       ||     2
Armor: Animal skin       |    15 |       ||    15
       Ring mail         |     2 |     5 ||     7
Dodge: Dodged            |    52 |     3 ||    55

Vault maps used:
D:1:      sevenhm_arrival_forest_fort_large_1
D:2:      kennysheep_big_flooded_room
D:3:      first_bread, columned_hall_lemuel, xom_teletrap_fun, uniq_natasha,
          uniq_grinder

Notes
Turn   | Place    | Note
-------+----------+-------------------------------------------
     0 | D:1      | Fuzzwah the Minotaur Berserker began the quest for the Orb.
     0 | D:1      | Reached XP level 1. HP: 19/19 MP: 0/0
   142 | D:1      | Huge Dmg: 6 Dmg
   145 | D:1      | Reached XP level 2. HP: 17/27 MP: 1/1
   379 | D:1      | Reached skill level 4 in Axes
   943 | D:2      | Reached skill level 4 in Fighting
   943 | D:2      | Reached XP level 3. HP: 28/33 MP: 2/2
  1126 | D:2      | Reached skill level 3 in Armour
  1288 | D:2      | Reached skill level 3 in Dodging
  1792 | D:3      | Reached ** piety under Trog
  1828 | D:3      | Reached skill level 11 in Axes
  1828 | D:3      | Reached skill level 7 in Armour
  1828 | D:3      | Reached XP level 4. HP: 40/40 MP: 3/3
  1884 | D:3      | Noticed Grinder
  1893 | D:3      | Paralysed by Grinder for 7 turns
  1900 | D:3      | Huge Dmg: 19 Dmg
  1900 | D:3      | HP: 9/40 [Grinder (6)]
  1901 | D:3      | Huge Dmg: 5 Dmg
  1903 | D:3      | Killed from afar by Grinder

Vanquished Creatures
  2 adders
  2 worms (D:2)
  2 dart slugs (D:1)
  3 leopard geckos (D:2)
  A giant cockroach (D:2)
  6 goblins
  3 hobgoblins
  A quokka (D:1)
  A ball python (D:1)
  3 bats (D:1)
  A frilled lizard (D:1)
  6 kobolds
  7 rats
38 creatures vanquished.
